Match 28812523
Unlisted

Match 28812523
End
Kradschützen Motorcycle Team
Selects Italian Combined Arms Battlegroup
Selects Italian Combined Arms Battlegroup
Selects Bersaglieri Squad
Bersaglieri Squad
250 Light Carrier
Bersaglieri Squad
Construct Light Support Kompanie
Panzerjäger Squad
2.5-tonne Medical Truck
Combat Half-tracks
Selects Bersaglieri Bolster
Assault Mechanized Group
Fire Support Elements
Veteran Squad Leaders
Selects Semovente da 75/18 Assault Gun
Selects Carro Armato M13/40 Light Tank
Carro Armato M13/40 Light Tank
Panzerjäger Mechanized Group
Selects Pact of Steel
Carro Armato M13/40 Light Tank
Vehicle Survival Package
Carro Armato M13/40 Light Tank
Selects Breda Model 30 Light Machine Guns
Construct Panzerarmee Kommand
Panzerjäger Mechanized Group
Carro Armato M13/40 Light Tank
Kradschützen Motorcycle Team
Panzerpioneer Squad
PAX AJAX
Lady Rytsu
HulkSMASH
Ruby
0
0

Comments sign in to comment!

No comments posted yet!